Capitals vs Panthers

Created - February 15 2011 at 18:24

Goals
1 2 3 OT1 SO T
Capitals 0 0 2 0 2 3
Panthers 0 1 1 0 1 2
Shots
1 2 3 OT1 SO T
Capitals 11 10 12 3 3 36
Panthers 4 8 7 1 3 20

Period #1

No Goal

Penalties :
Steve Downie (FLA) for Interference (Minor) at 1:29, Mike Mottau (FLA) for Unsportsmanlike conduct (Major / Game Misconduct) at 3:53, Brad Stuart (FLA) for Tripping (Minor) at 7:57, Matt Cooke (WSH) for Slashing (Minor) at 16:48, Steve Downie (FLA) for Elbowing (Minor) at 18:51, Brad Stuart (FLA) for Hooking (Minor) at 18:58

Period #2

1. Panthers , Aaron Johnson 1 (Anze Kopitar, Maxim Lapierre) at 6:54

Penalties :
Greg Zanon (FLA) for Diving (Minor) at 1:09, Greg Zanon (FLA) for Tripping (Minor) at 7:28, Kimmo Timonen (WSH) for Slashing (Minor) at 10:45, Greg Zanon (FLA) for Holding (Minor) at 13:44, Ryane Clowe (WSH) for Hooking (Minor) at 17:54

Period #3

2. Capitals , Alexander Ovechkin 22 (Willie Mitchell, Jimmy Howard) at 4:36
3. Capitals , Willie Mitchell 5 (Jeff Halpern, Alexander Semin) at 6:08 (PP)
4. Panthers , Chad Larose 8 (Aaron Johnson, Anze Kopitar) at 11:55

Penalties :
Greg Zanon (FLA) for Hooking (Minor) at 5:32, Maxim Afinogenov (FLA) for Roughing (Minor) at 15:58, Marc-Andre Bergeron (FLA) for Hooking (Minor) at 16:59, Alexander Ovechkin (WSH) for Hooking (Minor) at 16:59, Brian Sutherby (WSH) for Hooking (Minor) at 19:20

Overtime #1

No Goal

Penalties :
No Penalty

Shootout

Penalty Shot by Alexander Ovechkin for Capitals - Goal!
Penalty Shot by Mikael Samuelsson for Panthers - Goal!
Penalty Shot by Alexander Semin for Capitals - Stopped by Evgeni Nabokov
Penalty Shot by Anze Kopitar for Panthers - Stopped by Jimmy Howard
Penalty Shot by Ryane Clowe for Capitals - Goal!
Penalty Shot by Ryan Smyth for Panthers - Stopped by Jimmy Howard

Penalties :
No Penalty

Goalie Stats

Jimmy Howard (WSH), 18 saves from 20 shots - (0.900), W, 16-24-3, 65:00 minutes
Evgeni Nabokov (FLA), 34 saves from 36 shots - (0.944), OTL, 20-15-7, 65:00 minutes

Players Stats

Capitals
Player Name              G  A  P  +/- PIM S  H  SB FO    MP 
------------------------------------------------------------
Alexander Ovechkin       1  0  1   1  2   7  3  0  1/5   23 
Alexander Semin          0  1  1   0  0   12 0  0  0/4   24 
Alexei Kovalev           0  0  0   0  0   0  0  0  0/1   13 
Brian Sutherby           0  0  0   0  2   3  1  0  9/14  17 
Douglas Murray           0  0  0   1  0   2  1  1  0/0   22 
Jeff Halpern             0  1  1  -1  0   0  0  0  10/28 22 
Kimmo Timonen            0  0  0   0  2   1  0  2  0/0   26 
Marc Methot              0  0  0  -2  0   0  2  0  0/0   17 
Mark Mancari             0  0  0   1  0   0  0  0  1/2   10 
Matt Cooke               0  0  0  -2  2   0  5  1  0/0   14 
Matt Pettinger           0  0  0   0  0   1  0  0  0/0   5  
Matt Stajan              0  0  0   0  0   0  0  0  14/26 18 
Mike Green               0  0  0   0  0   0  0  3  0/0   26 
Ryane Clowe              0  0  0   0  2   0  4  0  2/4   16 
Steve Eminger            0  0  0  -2  0   0  0  0  0/0   11 
Tomas Fleischmann        0  0  0  -2  0   5  0  0  2/7   22 
Trent Hunter             0  0  0   0  0   0  0  0  0/0   0  
Willie Mitchell          1  1  2   1  0   5  0  0  0/0   24 
Panthers
Player Name              G  A  P  +/- PIM S  H  SB FO    MP 
------------------------------------------------------------
Aaron Johnson            1  1  2   2  0   1  0  0  0/0   10 
Andrew Brunette          0  0  0   0  0   0  0  0  1/1   20 
Anze Kopitar             0  2  2   1  0   5  2  0  20/34 26 
Brad Stuart              0  0  0  -1  4   0  0  0  0/0   25 
Brian Rafalski           0  0  0   0  0   2  0  3  0/0   26 
Chad Larose              1  0  1   2  0   2  0  0  0/1   9  
Christopher Higgins      0  0  0   2  0   0  0  2  0/0   16 
Frans Nielsen            0  0  0   0  0   1  0  1  11/17 19 
Greg Zanon               0  0  0  -1  8   2  2  0  0/0   24 
Joel Ward                0  0  0   0  0   0  0  0  1/2   9  
Marc-Andre Bergeron      0  0  0   0  2   1  0  1  0/0   22 
Maxim Afinogenov         0  0  0   0  2   1  1  0  0/0   16 
Maxim Lapierre           0  1  1   1  0   0  1  0  11/16 14 
Mikael Samuelsson        0  0  0  -1  0   2  1  0  0/0   16 
Mike Mottau              0  0  0   0  15  0  1  0  0/0   1  
Rich Peverley            0  0  0   0  0   2  1  0  6/18  20 
Ryan Smyth               0  0  0  -1  0   1  1  0  1/1   17 
Steve Downie             0  0  0   1  4   0  1  0  1/1   7  

3 Stars

1 - Aaron Johnson (FLA)
2 - Willie Mitchell (WSH)
3 - Anze Kopitar (FLA)

Power Play

Capitals - 1 on 10 Attempt(s) - 10.00%
Panthers - 0 on 4 Attempt(s) - 0.00%

Penalty Kill

Capitals - 4 on 4 Attempt(s) - 100.00% - Score 0 goal in Penalty Kill
Panthers - 9 on 10 Attempt(s) - 90.00% - Score 0 goal in Penalty Kill

Game Notes

Mike Mottau ejected from game at 3:53 of 1st period
Christopher Higgins is injured at 12:51 of 3rd period (Bruised Left Leg)

Finance

Level 1 -- Attendance: 6000 (100.00%) -- Ticket Income $528,000.00
Level 2 -- Attendance: 5000 (100.00%) -- Ticket Income $190,000.00
Level 3 -- Attendance: 3446 (98.46%) -- Ticket Income $96,488.00
Level 4 -- Attendance: 2856 (76.16%) -- Ticket Income $51,408.00
Luxury Box -- Attendance: 937 (93.70%) -- Ticket Income $176,156.00
Game was played at the BankAtlantic Center
Total Attendance: 18239 (94.75%)
Total Ticket Income: $1,143,890.00
Other Income: $211,758.00
Total Income: $1,355,648.00


Play by Play

Period #1

0:01 of 1st period - Anze Kopitar wins face-off versus Alexander Semin in neutral zone.
0:19 of 1st period - Shot by Ryan Smyth.
0:19 of 1st period - Shot Blocked by Mike Green.
1:01 of 1st period - Shot by Maxim Afinogenov.
1:01 of 1st period - Shot Blocked by Mike Green.
1:10 of 1st period - Icing by Alexander Semin.
1:11 of 1st period - Frans Nielsen wins face-off versus Matt Stajan in Capitals zone.
1:29 of 1st period - Minor Penalty to Steve Downie for Interference.
1:30 of 1st period - Anze Kopitar wins face-off versus Jeff Halpern in Panthers zone.
1:30 of 1st period - Anze Kopitar is hit by Alexander Ovechkin.
2:36 of 1st period - Icing by Tomas Fleischmann.
2:37 of 1st period - Mark Mancari wins face-off versus Frans Nielsen in Capitals zone.
3:07 of 1st period - Shot by Tomas Fleischmann.
3:07 of 1st period - Stopped by Evgeni Nabokov with a rebound.
3:21 of 1st period - Shot by Alexander Semin.
3:21 of 1st period - Stopped by Evgeni Nabokov without a rebound.
3:22 of 1st period - Matt Stajan wins face-off versus Anze Kopitar in Panthers zone.
3:35 of 1st period - Matt Cooke is hit by Mike Mottau and loses puck.
3:53 of 1st period - Major / Game Misconduct Penalty to Mike Mottau for Unsportsmanlike conduct.
3:53 of 1st period - Mike Mottau is ejected from game.
3:54 of 1st period - Anze Kopitar wins face-off versus Jeff Halpern in Panthers zone.
4:17 of 1st period - Shot by Alexander Semin.
4:17 of 1st period - Stopped by Evgeni Nabokov without a rebound.
4:18 of 1st period - Tomas Fleischmann wins face-off versus Anze Kopitar in Panthers zone.
4:41 of 1st period - Shot by Alexander Ovechkin.
4:41 of 1st period - Shot Misses the Net.
4:43 of 1st period - Shot by Alexander Ovechkin.
4:43 of 1st period - Stopped by Evgeni Nabokov without a rebound.
4:44 of 1st period - Joel Ward wins face-off versus Jeff Halpern in Panthers zone.
5:05 of 1st period - Shot by Willie Mitchell.
5:05 of 1st period - Stopped by Evgeni Nabokov without a rebound.
5:06 of 1st period - Maxim Lapierre wins face-off versus Brian Sutherby in Panthers zone.
5:29 of 1st period - Shot by Alexander Ovechkin.
5:29 of 1st period - Stopped by Evgeni Nabokov with a rebound.
6:25 of 1st period - Shot by Alexander Ovechkin.
6:25 of 1st period - Stopped by Evgeni Nabokov without a rebound.
6:26 of 1st period - Maxim Lapierre wins face-off versus Tomas Fleischmann in Panthers zone.
6:43 of 1st period - Shot by Chad Larose.
6:43 of 1st period - Shot Misses the Net.
7:05 of 1st period - Shot by Aaron Johnson.
7:05 of 1st period - Shot Misses the Net.
7:29 of 1st period - Shot by Willie Mitchell.
7:29 of 1st period - Stopped by Evgeni Nabokov without a rebound.
7:30 of 1st period - Anze Kopitar wins face-off versus Tomas Fleischmann in Panthers zone.
7:57 of 1st period - Shot by Alexander Semin.
7:57 of 1st period - Stopped by Evgeni Nabokov without a rebound.
7:57 of 1st period - Minor Penalty to Brad Stuart for Tripping.
7:58 of 1st period - Matt Stajan wins face-off versus Rich Peverley in Panthers zone.
8:58 of 1st period - Shot by Alexander Semin.
8:58 of 1st period - Stopped by Evgeni Nabokov without a rebound.
8:59 of 1st period - Frans Nielsen wins face-off versus Mark Mancari in Panthers zone.
10:08 of 1st period - Shot by Rich Peverley.
10:08 of 1st period - Shot Misses the Net.
10:53 of 1st period - Icing by Anze Kopitar.
10:54 of 1st period - Anze Kopitar wins face-off versus Jeff Halpern in Panthers zone.
11:21 of 1st period - Matt Cooke is hit by Greg Zanon and loses puck.
11:40 of 1st period - Greg Zanon is hit by Alexander Ovechkin and loses puck.
14:26 of 1st period - Off-side.
14:27 of 1st period - Maxim Lapierre wins face-off versus Matt Stajan in neutral zone.
14:32 of 1st period - Shot by Chad Larose.
14:32 of 1st period - Shot Misses the Net.
14:36 of 1st period - Shot by Christopher Higgins.
14:36 of 1st period - Deflect By Chad Larose.
14:36 of 1st period - Shot Blocked by Kimmo Timonen.
14:38 of 1st period - Shot by Christopher Higgins.
14:38 of 1st period - Shot Blocked by Mike Green.
14:42 of 1st period - Shot by Christopher Higgins.
14:42 of 1st period - Deflect By Chad Larose.
14:42 of 1st period - Shot Misses the Net.
14:44 of 1st period - Shot by Christopher Higgins.
14:44 of 1st period - Shot Misses the Net.
14:46 of 1st period - Shot by Brian Rafalski.
14:46 of 1st period - Stopped by Jimmy Howard without a rebound.
14:47 of 1st period - Jeff Halpern wins face-off versus Anze Kopitar in Capitals zone.
15:08 of 1st period - Shot by Mikael Samuelsson.
15:08 of 1st period - Shot Misses the Net.
15:12 of 1st period - Shot by Ryan Smyth.
15:12 of 1st period - Stopped by Jimmy Howard without a rebound.
15:13 of 1st period - Matt Stajan wins face-off versus Joel Ward in Capitals zone.
15:13 of 1st period - Mike Green is hit by Steve Downie and loses puck.
16:02 of 1st period - Shot by Alexander Ovechkin.
16:02 of 1st period - Shot Misses the Net.
16:04 of 1st period - Shot by Willie Mitchell.
16:04 of 1st period - Shot Misses the Net.
16:06 of 1st period - Shot by Alexander Ovechkin.
16:06 of 1st period - Stopped by Evgeni Nabokov without a rebound.
16:07 of 1st period - Brian Sutherby wins face-off versus Rich Peverley in Panthers zone.
16:08 of 1st period - Shot by Douglas Murray.
16:08 of 1st period - Shot Misses the Net.
16:16 of 1st period - Shot by Rich Peverley.
16:16 of 1st period - Stopped by Jimmy Howard without a rebound.
16:17 of 1st period - Jeff Halpern wins face-off versus Rich Peverley in Capitals zone.
16:26 of 1st period - Maxim Afinogenov is hit by Matt Cooke and loses puck.
16:47 of 1st period - Andrew Brunette is hit by Matt Cooke and loses puck.
16:48 of 1st period - Minor Penalty to Matt Cooke for Slashing.
16:49 of 1st period - Matt Stajan wins face-off versus Anze Kopitar in Capitals zone.
17:14 of 1st period - Shot by Anze Kopitar.
17:14 of 1st period - Shot Misses the Net.
17:16 of 1st period - Shot by Anze Kopitar.
17:16 of 1st period - Stopped by Jimmy Howard without a rebound.
17:17 of 1st period - Matt Stajan wins face-off versus Frans Nielsen in Capitals zone.
18:20 of 1st period - Shot by Anze Kopitar.
18:20 of 1st period - Deflect By Ryan Smyth.
18:20 of 1st period - Shot Misses the Net.
18:51 of 1st period - Minor Penalty to Steve Downie for Elbowing.
18:52 of 1st period - Ryane Clowe wins face-off versus Anze Kopitar in Panthers zone.
18:58 of 1st period - Minor Penalty to Brad Stuart for Hooking.
18:59 of 1st period - Maxim Lapierre wins face-off versus Ryane Clowe in Panthers zone.
18:59 of 1st period - Maxim Lapierre is hit by Ryane Clowe.

Period #2

0:01 of 2nd period - Frans Nielsen wins face-off versus Tomas Fleischmann in neutral zone.
1:09 of 2nd period - Minor Penalty to Greg Zanon for Diving.
1:10 of 2nd period - Jeff Halpern wins face-off versus Anze Kopitar in Panthers zone.
1:21 of 2nd period - Shot by Alexander Semin.
1:21 of 2nd period - Stopped by Evgeni Nabokov without a rebound.
1:22 of 2nd period - Anze Kopitar wins face-off versus Jeff Halpern in Panthers zone.
1:48 of 2nd period - Icing by Willie Mitchell.
1:49 of 2nd period - Frans Nielsen wins face-off versus Jeff Halpern in Capitals zone.
2:48 of 2nd period - Shot by Mike Green.
2:48 of 2nd period - Shot Misses the Net.
2:50 of 2nd period - Shot by Tomas Fleischmann.
2:50 of 2nd period - Stopped by Evgeni Nabokov without a rebound.
2:51 of 2nd period - Anze Kopitar wins face-off versus Tomas Fleischmann in Panthers zone.
3:08 of 2nd period - Shot by Tomas Fleischmann.
3:08 of 2nd period - Stopped by Evgeni Nabokov without a rebound.
3:09 of 2nd period - Brian Sutherby wins face-off versus Rich Peverley in Panthers zone.
3:20 of 2nd period - Shot by Marc-Andre Bergeron.
3:20 of 2nd period - Shot Misses the Net.
3:24 of 2nd period - Shot by Brian Rafalski.
3:24 of 2nd period - Stopped by Jimmy Howard without a rebound.
3:25 of 2nd period - Anze Kopitar wins face-off versus Jeff Halpern in Capitals zone.
4:52 of 2nd period - Shot by Alexander Semin.
4:52 of 2nd period - Stopped by Evgeni Nabokov with a rebound.
4:54 of 2nd period - Shot by Kimmo Timonen.
4:54 of 2nd period - Stopped by Evgeni Nabokov without a rebound.
4:55 of 2nd period - Rich Peverley wins face-off versus Ryane Clowe in Panthers zone.
4:55 of 2nd period - Rich Peverley is hit by Matt Cooke.
5:16 of 2nd period - Shot by Tomas Fleischmann.
5:16 of 2nd period - Stopped by Evgeni Nabokov without a rebound.
5:17 of 2nd period - Frans Nielsen wins face-off versus Matt Stajan in Panthers zone.
5:17 of 2nd period - Frans Nielsen is hit by Ryane Clowe.
5:38 of 2nd period - Shot by Steve Downie.
5:38 of 2nd period - Shot Blocked by Kimmo Timonen.
6:15 of 2nd period - Greg Zanon is hit by Marc Methot and loses puck.
6:28 of 2nd period - Brian Rafalski is hit by Matt Cooke and loses puck.
6:36 of 2nd period - Maxim Afinogenov is hit by Brian Sutherby.
6:50 of 2nd period - Icing by Steve Eminger.
6:51 of 2nd period - Maxim Lapierre wins face-off versus Brian Sutherby in Capitals zone.
6:54 of 2nd period - Shot by Aaron Johnson.
6:54 of 2nd period - Goal by Aaron Johnson - Capitals : 0 - Panthers : 1.
6:55 of 2nd period - Jeff Halpern wins face-off versus Chad Larose in neutral zone.
7:06 of 2nd period - Shot by Chad Larose.
7:06 of 2nd period - Stopped by Jimmy Howard without a rebound.
7:07 of 2nd period - Frans Nielsen wins face-off versus Brian Sutherby in Capitals zone.
7:11 of 2nd period - Icing by Brian Sutherby.
7:12 of 2nd period - Brian Sutherby wins face-off versus Frans Nielsen in Capitals zone.
7:27 of 2nd period - Shot by Alexander Ovechkin.
7:27 of 2nd period - Deflect By Brian Sutherby.
7:27 of 2nd period - Stopped by Evgeni Nabokov without a rebound.
7:28 of 2nd period - Jeff Halpern wins face-off versus Maxim Lapierre in Panthers zone.
7:28 of 2nd period - Minor Penalty to Greg Zanon for Tripping.
7:29 of 2nd period - Anze Kopitar wins face-off versus Alexander Semin in Panthers zone.
7:40 of 2nd period - Alexander Semin is hit by Anze Kopitar and loses puck.
7:55 of 2nd period - Anze Kopitar is hit by Ryane Clowe and loses puck.
8:40 of 2nd period - Shot by Mike Green.
8:40 of 2nd period - Shot Blocked by Brian Rafalski.
8:42 of 2nd period - Shot by Alexander Ovechkin.
8:42 of 2nd period - Shot Misses the Net.
9:48 of 2nd period - Shot by Anze Kopitar.
9:48 of 2nd period - Stopped by Jimmy Howard without a rebound.
9:49 of 2nd period - Matt Stajan wins face-off versus Rich Peverley in Capitals zone.
10:03 of 2nd period - Off-side.
10:04 of 2nd period - Brian Sutherby wins face-off versus Frans Nielsen in neutral zone.
10:17 of 2nd period - Steve Downie is hit by Marc Methot.
10:34 of 2nd period - Icing by Brad Stuart.
10:35 of 2nd period - Matt Stajan wins face-off versus Frans Nielsen in Panthers zone.
10:38 of 2nd period - Shot by Alexander Semin.
10:38 of 2nd period - Stopped by Evgeni Nabokov without a rebound.
10:39 of 2nd period - Maxim Lapierre wins face-off versus Matt Stajan in Panthers zone.
10:39 of 2nd period - Brian Rafalski is hit by Ryane Clowe and loses puck.
10:45 of 2nd period - Minor Penalty to Kimmo Timonen for Slashing.
10:46 of 2nd period - Frans Nielsen wins face-off versus Matt Stajan in Capitals zone.
11:54 of 2nd period - Shot by Anze Kopitar.
11:54 of 2nd period - Stopped by Jimmy Howard without a rebound.
11:55 of 2nd period - Maxim Lapierre wins face-off versus Jeff Halpern in Capitals zone.
11:58 of 2nd period - Shot by Rich Peverley.
11:58 of 2nd period - Stopped by Jimmy Howard without a rebound.
11:59 of 2nd period - Maxim Lapierre wins face-off versus Jeff Halpern in Capitals zone.
13:05 of 2nd period - Alexander Ovechkin is hit by Greg Zanon and loses puck.
13:23 of 2nd period - Alexander Ovechkin is hit by Ryan Smyth and loses puck.
13:33 of 2nd period - Icing by Greg Zanon.
13:34 of 2nd period - Anze Kopitar wins face-off versus Jeff Halpern in Panthers zone.
13:43 of 2nd period - Shot by Tomas Fleischmann.
13:43 of 2nd period - Shot Misses the Net.
13:44 of 2nd period - Minor Penalty to Greg Zanon for Holding.
13:45 of 2nd period - Frans Nielsen wins face-off versus Tomas Fleischmann in Panthers zone.
13:54 of 2nd period - Christopher Higgins is hit by Alexander Ovechkin and loses puck.
15:40 of 2nd period - Shot by Willie Mitchell.
15:40 of 2nd period - Stopped by Evgeni Nabokov without a rebound.
15:41 of 2nd period - Anze Kopitar wins face-off versus Alexei Kovalev in Panthers zone.
16:06 of 2nd period - Shot by Brian Sutherby.
16:06 of 2nd period - Stopped by Evgeni Nabokov without a rebound.
16:07 of 2nd period - Maxim Lapierre wins face-off versus Jeff Halpern in Panthers zone.
16:53 of 2nd period - Shot by Anze Kopitar.
16:53 of 2nd period - Shot Misses the Net.
16:57 of 2nd period - Shot by Ryan Smyth.
16:57 of 2nd period - Deflect By Anze Kopitar.
16:57 of 2nd period - Shot Misses the Net.
16:59 of 2nd period - Shot by Brad Stuart.
16:59 of 2nd period - Shot Misses the Net.
17:03 of 2nd period - Shot by Anze Kopitar.
17:03 of 2nd period - Stopped by Jimmy Howard without a rebound.
17:04 of 2nd period - Rich Peverley wins face-off versus Matt Stajan in Capitals zone.
17:54 of 2nd period - Minor Penalty to Ryane Clowe for Hooking.
17:55 of 2nd period - Matt Stajan wins face-off versus Maxim Lapierre in Capitals zone.
18:41 of 2nd period - Icing by Brad Stuart.
18:42 of 2nd period - Frans Nielsen wins face-off versus Alexander Semin in Panthers zone.
19:10 of 2nd period - Off-side.
19:11 of 2nd period - Anze Kopitar wins face-off versus Alexander Ovechkin in neutral zone.
19:16 of 2nd period - Shot by Greg Zanon.
19:16 of 2nd period - Stopped by Jimmy Howard without a rebound.
19:17 of 2nd period - Matt Stajan wins face-off versus Anze Kopitar in Capitals zone.

Period #3

0:01 of 3rd period - Ryan Smyth wins face-off versus Matt Stajan in neutral zone.
0:04 of 3rd period - Shot by Anze Kopitar.
0:04 of 3rd period - Stopped by Jimmy Howard without a rebound.
0:05 of 3rd period - Brian Sutherby wins face-off versus Rich Peverley in Capitals zone.
0:16 of 3rd period - Shot by Alexander Ovechkin.
0:16 of 3rd period - Shot Misses the Net.
0:20 of 3rd period - Shot by Alexander Ovechkin.
0:20 of 3rd period - Shot Misses the Net.
0:22 of 3rd period - Shot by Alexander Ovechkin.
0:22 of 3rd period - Stopped by Evgeni Nabokov with a rebound.
0:26 of 3rd period - Shot by Alexander Ovechkin.
0:26 of 3rd period - Shot Blocked by Marc-Andre Bergeron.
0:30 of 3rd period - Shot by Douglas Murray.
0:30 of 3rd period - Stopped by Evgeni Nabokov without a rebound.
0:31 of 3rd period - Matt Stajan wins face-off versus Anze Kopitar in Panthers zone.
2:42 of 3rd period - Shot by Alexander Ovechkin.
2:42 of 3rd period - Shot Misses the Net.
2:44 of 3rd period - Shot by Douglas Murray.
2:44 of 3rd period - Shot Misses the Net.
3:44 of 3rd period - Icing by Brian Rafalski.
3:45 of 3rd period - Jeff Halpern wins face-off versus Rich Peverley in Panthers zone.
4:00 of 3rd period - Jeff Halpern is hit by Rich Peverley.
4:36 of 3rd period - Shot by Alexander Ovechkin.
4:36 of 3rd period - Goal by Alexander Ovechkin - Capitals : 1 - Panthers : 1.
4:37 of 3rd period - Anze Kopitar wins face-off versus Matt Stajan in neutral zone.
4:41 of 3rd period - Icing by Mike Green.
4:42 of 3rd period - Matt Stajan wins face-off versus Anze Kopitar in Capitals zone.
5:22 of 3rd period - Douglas Murray is hit by Anze Kopitar.
5:23 of 3rd period - Icing by Douglas Murray.
5:24 of 3rd period - Maxim Lapierre wins face-off versus Brian Sutherby in Capitals zone.
5:32 of 3rd period - Minor Penalty to Greg Zanon for Hooking.
5:33 of 3rd period - Jeff Halpern wins face-off versus Anze Kopitar in Panthers zone.
5:40 of 3rd period - Shot by Douglas Murray.
5:40 of 3rd period - Stopped by Evgeni Nabokov without a rebound.
5:41 of 3rd period - Tomas Fleischmann wins face-off versus Anze Kopitar in Panthers zone.
5:42 of 3rd period - Shot by Alexander Semin.
5:42 of 3rd period - Stopped by Evgeni Nabokov without a rebound.
5:43 of 3rd period - Anze Kopitar wins face-off versus Jeff Halpern in Panthers zone.
5:52 of 3rd period - Shot by Willie Mitchell.
5:52 of 3rd period - Shot Misses the Net.
5:56 of 3rd period - Shot by Alexander Semin.
5:56 of 3rd period - Shot Misses the Net.
5:58 of 3rd period - Shot by Jeff Halpern.
5:58 of 3rd period - Shot Misses the Net.
6:00 of 3rd period - Shot by Willie Mitchell.
6:00 of 3rd period - Shot Misses the Net.
6:02 of 3rd period - Shot by Willie Mitchell.
6:02 of 3rd period - Stopped by Evgeni Nabokov with a rebound.
6:06 of 3rd period - Shot by Jeff Halpern.
6:06 of 3rd period - Shot Blocked by Frans Nielsen.
6:08 of 3rd period - Shot by Willie Mitchell.
6:08 of 3rd period - Goal by Willie Mitchell - Capitals : 2 - Panthers : 1.
6:09 of 3rd period - Jeff Halpern wins face-off versus Maxim Lapierre in neutral zone.
6:09 of 3rd period - Tomas Fleischmann is hit by Maxim Lapierre.
6:58 of 3rd period - Off-side.
6:59 of 3rd period - Brian Sutherby wins face-off versus Maxim Lapierre in neutral zone.
7:30 of 3rd period - Shot by Alexander Ovechkin.
7:30 of 3rd period - Shot Misses the Net.
7:39 of 3rd period - Icing by Chad Larose.
7:40 of 3rd period - Matt Stajan wins face-off versus Maxim Lapierre in Panthers zone.
8:15 of 3rd period - Shot by Alexander Semin.
8:15 of 3rd period - Stopped by Evgeni Nabokov without a rebound.
8:16 of 3rd period - Steve Downie wins face-off versus Alexander Ovechkin in Panthers zone.
8:26 of 3rd period - Shot by Mikael Samuelsson.
8:26 of 3rd period - Shot Blocked by Matt Cooke.
9:53 of 3rd period - Shot by Alexander Semin.
9:53 of 3rd period - Shot Misses the Net.
10:32 of 3rd period - Shot by Rich Peverley.
10:32 of 3rd period - Shot Misses the Net.
11:09 of 3rd period - Ryan Smyth is hit by Douglas Murray and loses puck.
11:55 of 3rd period - Shot by Chad Larose.
11:55 of 3rd period - Goal by Chad Larose - Capitals : 2 - Panthers : 2.
11:56 of 3rd period - Rich Peverley wins face-off versus Jeff Halpern in neutral zone.
12:01 of 3rd period - Shot by Maxim Afinogenov.
12:01 of 3rd period - Stopped by Jimmy Howard without a rebound.
12:02 of 3rd period - Frans Nielsen wins face-off versus Jeff Halpern in Capitals zone.
12:23 of 3rd period - Icing by Marc-Andre Bergeron.
12:24 of 3rd period - Brian Sutherby wins face-off versus Frans Nielsen in Panthers zone.
12:25 of 3rd period - Shot by Matt Pettinger.
12:25 of 3rd period - Stopped by Evgeni Nabokov without a rebound.
12:26 of 3rd period - Brian Sutherby wins face-off versus Rich Peverley in Panthers zone.
12:29 of 3rd period - Shot by Willie Mitchell.
12:29 of 3rd period - Shot Blocked by Christopher Higgins.
12:33 of 3rd period - Shot by Alexander Ovechkin.
12:33 of 3rd period - Shot Misses the Net.
12:37 of 3rd period - Shot by Alexander Ovechkin.
12:37 of 3rd period - Shot Misses the Net.
12:41 of 3rd period - Shot by Mark Mancari.
12:41 of 3rd period - Shot Blocked by Brian Rafalski.
12:43 of 3rd period - Shot by Brian Sutherby.
12:43 of 3rd period - Shot Misses the Net.
12:45 of 3rd period - Shot by Willie Mitchell.
12:45 of 3rd period - Shot Blocked by Brian Rafalski.
12:49 of 3rd period - Shot by Brian Sutherby.
12:49 of 3rd period - Shot Misses the Net.
12:51 of 3rd period - Shot by Douglas Murray.
12:51 of 3rd period - Shot Blocked by Christopher Higgins.
12:51 of 3rd period - Christopher Higgins from Panthers is injured at 12:51 of 3rd period (Bruised Left Leg).
12:52 of 3rd period - Maxim Lapierre wins face-off versus Matt Stajan in Panthers zone.
13:15 of 3rd period - Shot by Alexander Semin.
13:15 of 3rd period - Stopped by Evgeni Nabokov with a rebound.
13:32 of 3rd period - Maxim Lapierre is hit by Matt Cooke and loses puck.
14:46 of 3rd period - Icing by Mike Green.
14:47 of 3rd period - Anze Kopitar wins face-off versus Matt Stajan in Capitals zone.
14:50 of 3rd period - Shot by Mikael Samuelsson.
14:50 of 3rd period - Stopped by Jimmy Howard without a rebound.
14:51 of 3rd period - Matt Stajan wins face-off versus Anze Kopitar in Capitals zone.
15:02 of 3rd period - Shot by Alexander Semin.
15:02 of 3rd period - Stopped by Evgeni Nabokov without a rebound.
15:03 of 3rd period - Anze Kopitar wins face-off versus Brian Sutherby in Panthers zone.
15:28 of 3rd period - Shot by Ryan Smyth.
15:28 of 3rd period - Deflect By Mikael Samuelsson.
15:28 of 3rd period - Stopped by Jimmy Howard without a rebound.
15:29 of 3rd period - Rich Peverley wins face-off versus Alexander Semin in Capitals zone.
15:39 of 3rd period - Icing by Alexander Semin.
15:40 of 3rd period - Matt Stajan wins face-off versus Rich Peverley in Capitals zone.
15:40 of 3rd period - Alexander Semin is hit by Maxim Afinogenov and loses puck.
15:58 of 3rd period - Minor Penalty to Maxim Afinogenov for Roughing.
15:59 of 3rd period - Jeff Halpern wins face-off versus Anze Kopitar in Panthers zone.
16:59 of 3rd period - Minor Penalty to Marc-Andre Bergeron for Hooking.
16:59 of 3rd period - Minor Penalty to Alexander Ovechkin for Hooking.
17:00 of 3rd period - Brian Sutherby wins face-off versus Rich Peverley in Panthers zone.
17:15 of 3rd period - Shot by Matt Cooke.
17:15 of 3rd period - Shot Misses the Net.
17:19 of 3rd period - Shot by Matt Cooke.
17:19 of 3rd period - Deflect By Brian Sutherby.
17:19 of 3rd period - Stopped by Evgeni Nabokov without a rebound.
17:20 of 3rd period - Ryane Clowe wins face-off versus Rich Peverley in Panthers zone.
17:53 of 3rd period - Shot by Frans Nielsen.
17:53 of 3rd period - Stopped by Jimmy Howard with a rebound.
18:55 of 3rd period - Shot by Anze Kopitar.
18:55 of 3rd period - Shot Misses the Net.
19:20 of 3rd period - Minor Penalty to Brian Sutherby for Hooking.
19:21 of 3rd period - Frans Nielsen wins face-off versus Matt Stajan in Capitals zone.
19:42 of 3rd period - Shot by Marc-Andre Bergeron.
19:42 of 3rd period - Stopped by Jimmy Howard without a rebound.
19:43 of 3rd period - Andrew Brunette wins face-off versus Jeff Halpern in Capitals zone.

Overtime #1

0:01 of 1st overtime period - Anze Kopitar wins face-off versus Matt Stajan in neutral zone.
1:33 of 1st overtime period - Shot by Alexander Ovechkin.
1:33 of 1st overtime period - Shot Misses the Net.
1:35 of 1st overtime period - Shot by Alexander Ovechkin.
1:35 of 1st overtime period - Shot Hit the Post.
1:39 of 1st overtime period - Shot by Alexander Semin.
1:39 of 1st overtime period - Stopped by Evgeni Nabokov without a rebound.
1:40 of 1st overtime period - Anze Kopitar wins face-off versus Jeff Halpern in Panthers zone.
1:52 of 1st overtime period - Icing by Douglas Murray.
1:53 of 1st overtime period - Anze Kopitar wins face-off versus Jeff Halpern in Capitals zone.
2:08 of 1st overtime period - Shot by Tomas Fleischmann.
2:08 of 1st overtime period - Stopped by Evgeni Nabokov without a rebound.
2:09 of 1st overtime period - Rich Peverley wins face-off versus Alexander Ovechkin in Panthers zone.
2:16 of 1st overtime period - Shot by Alexander Semin.
2:16 of 1st overtime period - Shot Misses the Net.
2:20 of 1st overtime period - Shot by Alexander Ovechkin.
2:20 of 1st overtime period - Stopped by Evgeni Nabokov without a rebound.
2:21 of 1st overtime period - Anze Kopitar wins face-off versus Jeff Halpern in Panthers zone.
2:32 of 1st overtime period - Shot by Anze Kopitar.
2:32 of 1st overtime period - Shot Blocked by Douglas Murray.
2:43 of 1st overtime period - Icing by Douglas Murray.
2:44 of 1st overtime period - Jeff Halpern wins face-off versus Rich Peverley in Capitals zone.
2:44 of 1st overtime period - Jeff Halpern is hit by Mikael Samuelsson.
3:10 of 1st overtime period - Shot by Marc-Andre Bergeron.
3:10 of 1st overtime period - Shot Misses the Net.
3:12 of 1st overtime period - Shot by Greg Zanon.
3:12 of 1st overtime period - Stopped by Jimmy Howard without a rebound.
3:13 of 1st overtime period - Alexander Ovechkin wins face-off versus Anze Kopitar in Capitals zone.
3:28 of 1st overtime period - Shot by Alexander Semin.
3:28 of 1st overtime period - Shot Misses the Net.
4:23 of 1st overtime period - Icing by Marc-Andre Bergeron.
4:24 of 1st overtime period - Rich Peverley wins face-off versus Alexander Ovechkin in Panthers zone.

ShootOut

ShootOut - Penalty Shot by Alexander Ovechkin for Capitals.
ShootOut - Goal by Alexander Ovechkin.
ShootOut - Penalty Shot by Mikael Samuelsson for Panthers.
ShootOut - Goal by Mikael Samuelsson.
ShootOut - Penalty Shot by Alexander Semin for Capitals.
ShootOut - Stopped by Evgeni Nabokov.
ShootOut - Penalty Shot by Anze Kopitar for Panthers.
ShootOut - Stopped by Jimmy Howard.
ShootOut - Penalty Shot by Ryane Clowe for Capitals.
ShootOut - Goal by Ryane Clowe.
ShootOut - Penalty Shot by Ryan Smyth for Panthers.
ShootOut - Stopped by Jimmy Howard.


Output by the SimonT Hockey Simulator (STHS) for Stephane Roy -- Original Page W3C XHTML 1.0 Valid